 Dungeon Crawl Stone Soup version 0.26.1-11-gd32895ea62 (webtiles) character file.

Game seed: 3016867369870567890

6517 MisterFreud the Grappler (level 10, 0/96 HPs)
             Began as a Troll Monk on May 9, 2021.
             Slain by a two-headed ogre
             ... wielding a +0 giant club
              (23 damage)
             ... on level 9 of the Dungeon.
             The game lasted 00:11:19 (9222 turns).

MisterFreud the Grappler (Troll Monk)               Turns: 9222, Time: 00:11:20

Health: 0/96       AC:  7    Str: 21    XL:     10   Next: 69%
Magic:  9/9        EV: 13    Int:  6    God:
Gold:   579        SH:  0    Dex: 15    Spells: 9/9 levels left

rFire    . . .     SeeInvis .     - Unarmed
rCold    . . .     Faith    .   (no shield)
rNeg     . . .     Spirit   .   a - +0 robe
rPois    .         Reflect  .   (helmet restricted)
rElec    .         Harm     .   h - +0 cloak
rCorr    +         Rampage  .   (gloves unavailable)
Will     .....                  (boots unavailable)
Stlth    ++........             l - amulet of the acrobat
HPRegen  0.66/turn              f - ring of resist corrosion
MPRegen  0.11/turn              (no ring)

@: no status effects
A: large, unfitting armour, claws 3, regeneration 1, shaggy fur 1, tough skin 3
a: no special abilities


You were on level 9 of the Dungeon.
You visited 1 branch of the dungeon, and saw 9 of its levels.
You also visited: Sewer.

You collected 634 gold pieces.
You spent 55 gold pieces at shops.

Inventory:

Missiles
 v - 3 javelins (quivered)
 E - 4 throwing nets
Armour
 a - a +0 robe (worn)
 h - a +0 cloak (worn)
Jewellery
 f - a ring of resist corrosion (left claw)
 l - an amulet of the acrobat (around neck)
 B - an uncursed amulet of guardian spirit
Wands
 u - a wand of flame (8)
 w - a wand of paralysis (6)
 x - a wand of random effects (10)
 A - a wand of enslavement (8)
Scrolls
 c - 8 scrolls of teleportation
 e - 3 scrolls of magic mapping
 m - a scroll of amnesia
 o - a scroll of fear
 s - a scroll of identify
 t - 4 scrolls of remove curse
 y - 2 scrolls of fog
 z - a scroll of blinking
Potions
 b - 2 potions of heal wounds
 d - 3 potions of lignification
 g - 2 potions of invisibility
 i - a potion of cancellation
 j - 3 potions of might
 k - a potion of degeneration
 n - a potion of attraction
 p - 4 potions of brilliance
 q - 4 potions of flight
 r - 5 potions of curing
 C - a potion of magic
 D - a potion of berserk rage
 F - a potion of haste


   Skills:
 + Level 5.4 Fighting
 - Level 5.0 Throwing
 + Level 5.4 Dodging
 - Level 1.0 Stealth
 - Level 12.0 Unarmed Combat
 - Level 4.0 Evocations


You had 9 spell levels left.
You didn't know any spells.
Your spell library was empty.

Dungeon Overview and Level Annotations

Branches:
Dungeon (9/15)             Temple (0/1) D:5           Sewer (visited)
   Lair: D:8-11         Orc: D:9-12

Altars:
Ashenzari
Fedhas
Gozag
Hepliaklqana
Kikubaaqudgha
Nemelex Xobeh
Qazlal
Ru
Trog
Vehumet
Wu Jian
Zin
The Shining One

Shops:
D:6 ?


Innate Abilities, Weirdness & Mutations

You are too large for most types of armour.
You have claws for hands.
Your natural rate of healing is unusually fast.
You are covered in fur. (AC +1)
You have extremely tough skin. (AC +3)


Message History

You barely miss the two-headed ogre.
The two-headed ogre is lightly wounded.
The two-headed ogre closely misses you.
The two-headed ogre hits you with a +0 giant club!
You mangle the two-headed ogre!!
The two-headed ogre is moderately wounded.
You barely miss the two-headed ogre.
The two-headed ogre is moderately wounded.
The two-headed ogre hits you with a +0 giant club! x2
You scratch the two-headed ogre.
The two-headed ogre is heavily wounded.
The two-headed ogre hits you with a +0 giant club! x2
* * * LOW HITPOINT WARNING * * *
You scratch the two-headed ogre but do no damage.
Your claw misses the two-headed ogre.
The two-headed ogre is heavily wounded.
You barely miss the two-headed ogre. You claw the two-headed ogre.
The two-headed ogre is heavily wounded.
The two-headed ogre hits you with a +0 giant club!!
You die...

#......# #...#
#......# #...#
#......###...#
#............#
##......###...# ##
###.......###...#
....##.....†.........#
#.....##########..##
#.......@O..# #..#
....###.......# #.>###
.........###### #....#
........## #.##.#
........# #.##.####
.......# #.......#
.(.....#
######....<..# .......
###............#
...............#


You could see a two-headed ogre.

Vanquished Creatures
  Harold (D:8)
  A two-headed ogre (D:8)
  Pikel (D:8)
  A polar bear (D:8)
  A wyvern (D:9)
  A yak (D:8)
  Menkaure (D:6)
  A water moccasin (D:7)
  3 sky beasts
  2 phantoms
  A black bear (D:8)
  3 orc warriors
  4 ogres
  2 wolves (D:8)
  A centaur (D:7)
  4 lemures
  2 big kobolds
  2 bullfrogs
  5 scorpions
  12 killer bees
  5 wights (D:8)
  An electric eel (D:6)
  A bullfrog zombie (D:7)
  2 centaur zombies
  2 centaur skeletons
  5 hounds
  2 jellies
  7 orc priests
  2 iguanas
  12 orc wizards
  5 worker ants
  A howler monkey zombie (D:7)
  A worker ant zombie (D:7)
  9 adders
  4 white imps
  An ooze (D:7)
  An adder zombie (D:7)
  An adder skeleton (D:7)
  3 worms
  2 dart slugs (D:2)
  8 leopard geckos
  36 orcs
  11 bats
  3 giant cockroaches
  16 goblins
  15 hobgoblins
  7 jackals
  16 kobolds
  2 quokkas
  A ball python (D:3)
  2 frilled lizards (D:1)
  A jackal skeleton (D:7)
  2 leopard gecko skeletons
  19 rats
255 creatures vanquished.

Vanquished Creatures (others)
  A plant (D:8)
1 creature vanquished.

Grand Total: 256 creatures vanquished

Notes
Turn   | Place    | Note
-------+----------+-------------------------------------------
     0 | D:1      | MisterFreud the Troll Monk began the quest for the Orb.
     0 | D:1      | Reached XP level 1. HP: 22/22 MP: 0/0
   352 | D:1      | Reached XP level 2. HP: 29/29 MP: 1/1
   522 | D:1      | Reached skill level 4 in Unarmed Combat
   905 | D:2      | Reached XP level 3. HP: 36/36 MP: 2/2
  1399 | D:2      | Reached XP level 4. HP: 44/44 MP: 3/3
  1585 | D:2      | Reached skill level 5 in Unarmed Combat
  2056 | D:3      | Found a radiant altar of Vehumet.
  2418 | D:3      | Noticed an ogre
  2424 | D:3      | Killed an ogre
  2425 | D:3      | Reached skill level 6 in Unarmed Combat
  2425 | D:3      | Reached XP level 5. HP: 44/50 MP: 4/4
  2516 | D:4      | Found a glowing drain.
  2536 | Sewer    | Entered a sewer
  2657 | Sewer    | Found a white marble altar of Elyvilon.
  2731 | D:4      | Found an ancient bone altar of Kikubaaqudgha.
  2743 | D:4      | Found a blossoming altar of Fedhas.
  2791 | D:4      | Noticed a phantom
  2812 | D:4      | Killed a phantom
  2813 | D:4      | Reached skill level 7 in Unarmed Combat
  2813 | D:4      | Reached XP level 6. HP: 50/59 MP: 5/5
  3167 | D:4      | Reached skill level 8 in Unarmed Combat
  3167 | D:4      | Reached XP level 7. HP: 64/66 MP: 6/6
  3488 | D:4      | Found a bloodstained altar of Trog.
  3695 | D:5      | Entered Level 5 of the Dungeon
  3877 | D:5      | Noticed an angel
  4029 | D:5      | Noticed a rust devil
  4089 | D:5      | Found a staircase to the Ecumenical Temple.
  4323 | D:5      | Reached skill level 1 in Evocations
  4444 | D:6      | Noticed Menkaure
  4452 | D:6      | Killed Menkaure
  4453 | D:6      | Reached skill level 1 in Throwing
  4571 | D:6      | Found Xanuneos's Magic Scroll Shoppe.
  4595 | D:6      | Bought a scroll of fog for 22 gold pieces
  4595 | D:6      | Bought a scroll of teleportation for 33 gold pieces
  4611 | D:6      | Reached XP level 8. HP: 74/74 MP: 7/7
  4739 | D:6      | Found a sacrificial altar of Ru.
  4829 | D:6      | Found a sparkling altar of Nemelex Xobeh.
  5034 | D:6      | Reached skill level 5 in Dodging
  5744 | D:7      | Found a broken altar of Ashenzari.
  5771 | D:7      | Reached XP level 9. HP: 23/80 MP: 8/8
  5997 | D:7      | Found a glowing golden altar of the Shining One.
  6019 | D:7      | Reached skill level 5 in Throwing
  6485 | D:7      | Found a blossoming altar of Fedhas.
  6882 | D:8      | Reached skill level 9 in Unarmed Combat
  7179 | D:8      | Noticed a polar bear
  7196 | D:8      | Killed a polar bear
  7197 | D:8      | Reached skill level 5 in Fighting
  7576 | D:8      | Noticed Pikel
  7742 | D:8      | Killed Pikel
  7743 | D:8      | Reached skill level 10 in Unarmed Combat
  7743 | D:8      | Reached XP level 10. HP: 70/96 MP: 9/9
  7939 | D:8      | Noticed Harold
  7957 | D:8      | Killed Harold
  7958 | D:8      | Reached skill level 11 in Unarmed Combat
  8136 | D:8      | Noticed a two-headed ogre
  8147 | D:8      | Killed a two-headed ogre
  8281 | D:8      | Found a hazy altar of Hepliaklqana.
  8287 | D:8      | Found a stormy altar of Qazlal.
  8307 | D:8      | Reached skill level 12 in Unarmed Combat
  8493 | D:8      | Found an opulent altar of Gozag.
  8528 | D:8      | Found an ornate altar of the Wu Jian Council.
  8995 | D:8      | Found a glowing silver altar of Zin.
  9211 | D:9      | Noticed a two-headed ogre
  9222 | D:9      | Slain by a two-headed ogre

Illustrated notes

Levels and vault maps discovered:
D:1:      dpeg_cavernosity, layout_basic, minmay_misc_feat_secret_circle
D:2:      layout_loops_corners
D:3:      layout_loops_cross, vehumet_crystals, minmay_misc_feat_iff
D:4:      cheibrodos_greedy_goblins, layout_gridville, lemuel_round_altar,
          lemuel_doored_altar, cheibrodos_sewer_entry_drain,
          hangedman_decor_slide_cut, fedhas_altar_3
D:5:      layout_gridville, temple_garden, serial_park_tiny_2,
          roderic_serpentine_path
D:6:      minmay_flawed_box, layout_loops_corners, kennysheep_mini,
          serial_shops, shop_fountains, basic_altar, minivault_4, uniq_menkaure
D:7:      layout_basic, tso_metal_star, old_standard_altar,
          general_overflow_altar, minmay_increasing_density
D:8:      corexii_shack_village, layout_layer_cave, minitemple,
          nicolae_overflow_hidden_temple, serial_ice, serial_ice_l,
          serial_ice_h, serial_ice_a, serial_ice_m, uniq_harold, uniq_pikel
D:9:      minmay_cornered_nines, layout_rooms, minivault_16, uniq_maggie

Skill      XL: |  1  2  3  4  5  6  7  8  9 10 |
---------------+-------------------------------+-----
Unarmed Combat | 4 6 7 8 10 12 | 12.0
Dodging        | 4 5 |  5.4
Evocations     | 1 4 |  4.0
Throwing       | 1 4 5 |  5.0
Fighting       | 5 |  5.4
Stealth        | |  1.0

Action                   |  1- 3 |  4- 6 |  7- 9 | 10-12 || total
-------------------------+-------+-------+-------+-------++-------
Melee: Unarmed           |    99 |   132 |   455 |   124 ||   810
       Punch             |     1 |     1 |    19 |     8 ||    29
Evoke: Wand              |       |       |     2 |     2 ||     4
  Use: Scroll            |     6 |    10 |     4 |     4 ||    24
 Stab: Sleeping          |     6 |     4 |     3 |     4 ||    17
Armor: Robe              |    49 |    34 |   119 |    19 ||   221
Dodge: Dodged            |    48 |    66 |   284 |    71 ||   469
